 Dungeon Crawl Stone Soup version 0.30-a0-920-g7493c07aab (webtiles) character file.

Game seed: 4477186232482929101

71 jimonade the Magician (level 4, 0/33 HPs)
             Began as a Djinni Warper on Mar 21, 2023.
             Slain by a gnoll
             ... wielding a +0 flail of venom
              (8 damage)
             ... on level 1 of the Dungeon.
             The game lasted 00:07:19 (2322 turns).

jimonade the Magician (Djinni Warper)               Turns: 2322, Time: 00:07:19

Health: 0/33       AC:  5    Str: 12    XL:     4   Next: 47%
Gold:   34         EV: 11    Int: 14    God:
                   SH:  0    Dex: 19

rFire   + + .      SeeInvis .    a - +0 spear
rCold   x . .      Faith    .    (no shield)
rNeg    . . .      Spirit   .    i - +0 ring mail
rPois   ∞          Reflect  .    (no helmet)
rElec   .          Rampage  .    (no cloak)
rCorr   .                        (no gloves)
Will    .....                    (boots unavailable)
Stlth   +                        (no amulet)
HPRegen 0.25/turn                j - +6 ring of dexterity
MPRegen 0.00/turn                (no ring)

@: flying, very slightly contaminated
A: sickness immunity, fire resistance 2, cold vulnerability 1, float, innate
caster, HP casting, extra vitality 1
a: no special abilities


You were on level 1 of the Dungeon.
You visited 1 branch of the dungeon, and saw 2 of its levels.

You collected 34 gold pieces.

Inventory:

Hand Weapons
 a - a +0 spear (weapon)
Missiles
 d - 7 boomerangs of dispersal (quivered)
Armour
 b - a +0 leather armour
 i - a +0 ring mail (worn)
Jewellery
 j - a +6 ring of dexterity (left hand)
Scrolls
 c - 2 scrolls of blinking
 f - a scroll of poison {unknown}
 g - a scroll of silence {unknown}
 k - a scroll of enchant weapon {unknown}
Potions
 e - 4 potions of curing {unknown}
 h - a potion of might {unknown}


   Skills:
 - Level 2.0 Fighting
 - Level 1.5 Polearms
 - Level 0.7 Throwing
 - Level 1.0 Armour
 - Level 2.1 Dodging
 + Level 3.9 Spellcasting


You knew the following spells:

 Your Spells              Type           Power      Damage    Failure   Level
a - Blink                 Tloc           26%        N/A       14%         2
b - Lesser Beckoning      Tloc           26%        N/A       14%         2
c - Vhi's Electric Charg  Tloc/Air       26%        N/A       26%         3
d - Teleport Other        Tloc           13%        N/A       26%         3
e - Manifold Assault      Tloc           13%        N/A       65%         4
f - Apportation           Tloc           26%        N/A       9%          1
Your spell library was empty.

Dungeon Overview and Level Annotations

Branches:
Dungeon (2/15)

Altars:
Makhleb


Innate Abilities, Weirdness & Mutations

You are immune to sickness and miasma.
You are immune to poison.
Your flesh is very heat resistant. (rF++)
You are vulnerable to cold. (rC-)
You float through the air rather than walking.
You learn spells naturally, not from books.
Your magical power is your life essence.
You have superior vitality. (+4 MHP)


Message History

A gnoll is wielding a +0 flail of venom.
The gnoll shouts!
The gnoll moves out of view.
Things that are here:
a jackal skeleton; a jackal skeleton
There is a stone staircase leading up here.
The gnoll barely misses you. The gnoll barely misses you.
The gnoll hits you from afar with a +0 spear.
The gnoll hits you from afar with a +0 spear.
The gnoll barely misses you.
The gnoll hits you from afar with a +0 spear!
You fly upwards.
There is a stone staircase leading down here.
Casting: Blink (safe; 14% risk of failure)
Confirm with . or Enter, or press ? or * to list all spells.
You blink.
The gnoll throws a stone.
The stone hits you.
The gnoll throws a stone.
The stone hits you.
* * * LOW HITPOINT WARNING * * *
The gnoll throws a stone.
The stone hits you.
* * * LOW HITPOINT WARNING * * *
The gnoll throws a stone.
The stone hits you but does no damage.
You feel stable enough to blink again.
The gnoll throws a stone.
The stone hits you.
The gnoll hits you with a +0 flail of venom.
Press: ? - help, v - describe, . - travel
Here: a gnoll, wielding a +0 flail of venom, wearing a +0 scale mail and quivering stones The floor.
Unknown command.
Casting: Blink (safe; 14% risk of failure)
Confirm with . or Enter, or press ? or * to list all spells.
You miscast Blink.
You are very lightly contaminated with residual magic.
Nothing appears to happen.
The gnoll hits you with a +0 flail of venom.
* * * LOW HITPOINT WARNING * * *
You barely miss the gnoll. The gnoll misses you.
You hit the gnoll but do no damage. You punch the gnoll, but do no damage.
The gnoll hits you with a +0 flail of venom!
You die...

..#.......#.###########
..#..P..PP#...........#
##.P.P...P.#########.##
.#.........##### #.#
.#..P.P.P..#...### #.#
.#...P.P..P###...# #.#
######_#####.....# #.#
##..P.P.P..#.....# #.#
##.........#####@# #.#
.#.........# #g###.#
.#.PP.P....## #.#...#
..#PP.P...#.####.#.###
..#...P...#...##.#.#
..#^.....P##..##.#.#
...##..P##....##.#.#
....#PPP#####.##.#.#
.....###.# #.##.#.#


You could see a gnoll.

Vanquished Creatures
  2 adders (D:2)
  8 ball pythons
  5 endoplasms
  A giant cockroach (D:1)
  5 goblins (D:1)
  5 hobgoblins
  4 jackals (D:2)
  5 kobolds
  3 quokkas
  5 bats
  A frilled lizard (D:2)
  4 rats
48 creatures vanquished.

Notes
Turn   | Place    | Note
-------+----------+-------------------------------------------
     0 | D:1      | jimonade the Djinni Warper began the quest for the Orb.
     0 | D:1      | jimonade set off with the following spells memorised:
                  | Blink, Lesser Beckoning, Vhi's Electric Charge, Teleport
                  | Other, Manifold Assault.
     0 | D:1      | Reached XP level 1. HP: 18/18 MP: 0/0
   100 | D:1      | Reached XP level 2. HP: 14/23 MP: 0/0
   311 | D:1      | Reached skill level 3 in Spellcasting
   620 | D:1      | Found a faded altar of an unknown god.
   914 | D:1      | Reached XP level 3. HP: 26/28 MP: 0/0
   914 | D:1      | Learned a level 1 spell: Apportation
  1651 | D:2      | Reached XP level 4. HP: 26/33 MP: 0/0
  1683 | D:2      | Found a burning altar of Makhleb.
  2322 | D:1      | Slain by a gnoll

Illustrated notes

Levels and vault maps discovered:
D:1:      dpeg_arrival_boxes_within_box, layout_basic,
          shapermc_ecumenical_altar_gd, minmay_misc_feat_tiny,
          chequers_arboretum
D:2:      layout_loops_ring, basic_altar

Skill      XL: |  1  2 |
---------------+-------+-----
Spellcasting   | 3 |  3.9
Fighting       | |  2.0
Polearms       | |  1.5
Throwing       | |  0.7
Armour         | |  1.0
Dodging        | |  2.1

Action                     |  1- 3 |  4- 6 || total
---------------------------+-------+-------++-------
  Melee: Spear             |   132 |    60 ||   192
         Punch             |       |     1 ||     1
   Cast: Blink             |     2 |     1 ||     3
 Armour: Leather armour    |    24 |       ||    24
         Ring mail         |    11 |    21 ||    32
  Dodge: Dodged            |    67 |    28 ||    95

Table legend: (Time is in decaauts)
 A = Elapsed time spent in this place.
 B = Non-inter-level travel time spent in this place.
 C = Inter-level travel time spent in this place.
 D = Time resting spent in this place.
 E = Time spent auto-exploring this place.
 F = Levels seen in this place.
 G = Mean time per level.
                   A        B        C        D        E       F      G
               +--------+--------+--------+--------+--------+-----+--------+
         Total |   2326 |   2253 |     73 |    156 |    932 |   2 | 1163.0 |
       Dungeon |   2326 |   2253 |     73 |    156 |    932 |   2 | 1163.0 |
               +--------+--------+--------+--------+--------+-----+--------+

Top non-repeatable levels by time:
     D:1: 1461 daAuts
     D:2: 865 daAuts
